[ AOE2 MATCH · #479768427 ]
1v1 RMKhitans vs Japanese
Player's team · LOSS
Rival team · WIN
[ REPLAY ANALYSIS · EXTRACTED FROM THE RECORDED GAME ]
Feudal
10:27
Castle
—
Imperial
—
| APM avg | 50.9 |
| APM peak | 98 |
| eAPM avg | 20.2 |
| Villagers / military | 35 / 4 |
Focus
⚔️ 32.0% · 🌾 68.0%
Scout Cavalry ×4
Feudal
9:24
Castle
—
Imperial
—
| APM avg | 59.0 |
| APM peak | 100 |
| eAPM avg | 19.8 |
| Villagers / military | 45 / 10 |
Focus
⚔️ 35.7% · 🌾 64.3%
Archer ×6 · Militia ×3 · Spearman ×1
Match map
Initial resources + every placement click. Lines = walls · curves = elevation contours. ◆ gold · ⬟ stone · ● berries · ✦ relic · ◌ wall gap
Your base· Open — unwalled flank
Haroldo's base· Open — unwalled flank
Smoothed initial terrain · ◌ = detected wall gap · hover for details
Inputs per minute
— davoAri - - Haroldo
Build order — davoAri
80 actions detected in the replay
| 0:00 | Create | Villager (Male) |
| 0:00 | Create | Villager (Male) |
| 0:02 | Build | House |
| 0:03 | Build | House |
| 0:15 | Create | Villager (Male) |
| 0:15 | Create | Villager (Male) |
| 1:35 | Create | Villager (Male) |
| 2:05 | Create | Villager (Male) |
| 2:11 | Build | Lumber Camp |
| 2:12 | Create | Villager (Male) |
| 2:48 | Create | Villager (Male) |
| 2:48 | Create | Villager (Male) |
| 3:09 | Create | Villager (Male) |
| 3:39 | Create | Villager (Male) |
| 4:05 | Create | Villager (Male) |
| 4:25 | Build | House |
| 4:28 | Create | Villager (Male) |
| 4:39 | Build | Mill |
| 5:09 | Create | Villager (Male) |
| 5:15 | Create | Villager (Male) |
| 5:57 | Create | Villager (Male) |
| 6:15 | Build | House |
| 6:19 | Create | Villager (Male) |
| 7:02 | Create | Villager (Male) |
| 7:24 | Build | Mill |
| 7:37 | Research | Loom |
| 8:17 | Research | Feudal Age |
| 8:17 | Research | Feudal Age |
| 8:46 | Build | Barracks |
| 9:01 | Build | Palisade Wall |
| 9:01 | Build | Palisade Wall |
| 9:02 | Build | Palisade Wall |
| 9:06 | Build | Palisade Wall |
| 9:13 | Build | Palisade Wall |
| 9:24 | Build | Palisade Wall |
| 9:48 | Build | Palisade Wall |
| 9:52 | Build | Palisade Wall |
| 10:11 | Build | House |
| 10:13 | Create | Villager (Male) |
| 10:24 | Create | Villager (Male) |
| 10:27 | Age | Feudal Age |
| 10:40 | Build | House |
| 10:43 | Create | Villager (Male) |
| 10:43 | Create | Villager (Male) |
| 10:49 | Build | Palisade Wall |
| 10:52 | Build | House |
| 11:01 | Create | Villager (Male) |
| 11:04 | Build | House |
| 11:07 | Build | Palisade Wall |
| 11:15 | Build | Stable |
| 11:24 | Build | House |
| 11:40 | Create | Villager (Male) |
| 11:48 | Build | House |
| 11:52 | Create | Scout Cavalry |
| 11:52 | Create | Scout Cavalry |
| 11:54 | Create | Villager (Male) |
| 12:39 | Create | Villager (Male) |
| 12:56 | Create | Scout Cavalry |
| 12:56 | Create | Scout Cavalry |
| 13:04 | Create | Villager (Male) |
| 13:07 | Build | Blacksmith |
| 13:16 | Build | House |
| 13:20 | Create | Villager (Male) |
| 13:48 | Build | Pasture |
| 13:58 | Build | Palisade Wall |
| 14:05 | Build | Pasture |
| 14:11 | Create | Villager (Male) |
| 14:27 | Create | Villager (Male) |
| 14:33 | Create | Villager (Male) |
| 15:02 | Build | Pasture |
| 15:05 | Create | Villager (Male) |
| 15:16 | Create | Villager (Male) |
| 15:31 | Build | Palisade Wall |
| 15:32 | Build | Palisade Wall |
| 15:38 | Create | Villager (Male) |
| 15:56 | Research | Forging |
| 16:15 | Build | Lumber Camp |
| 16:16 | Create | Villager (Male) |
| 16:20 | Build | House |
| 16:22 | Build | House |
Build order — Haroldo
95 actions detected in the replay
| 0:01 | Create | Villager (Male) |
| 0:01 | Create | Villager (Male) |
| 0:02 | Build | House |
| 0:03 | Build | House |
| 0:14 | Create | Villager (Male) |
| 0:15 | Create | Villager (Male) |
| 0:15 | Create | Villager (Male) |
| 1:28 | Create | Villager (Male) |
| 1:28 | Create | Villager (Male) |
| 1:55 | Build | Lumber Camp |
| 2:06 | Create | Villager (Male) |
| 2:06 | Create | Villager (Male) |
| 2:29 | Create | Villager (Male) |
| 2:29 | Create | Villager (Male) |
| 2:54 | Create | Villager (Male) |
| 2:55 | Create | Villager (Male) |
| 3:16 | Create | Villager (Male) |
| 3:16 | Create | Villager (Male) |
| 3:43 | Create | Villager (Male) |
| 3:43 | Create | Villager (Male) |
| 4:03 | Build | House |
| 4:12 | Create | Villager (Male) |
| 4:12 | Create | Villager (Male) |
| 4:32 | Create | Villager (Male) |
| 4:32 | Create | Villager (Male) |
| 5:07 | Create | Villager (Male) |
| 5:31 | Build | Mining Camp |
| 5:34 | Create | Villager (Male) ×5 |
| 6:25 | Build | Barracks |
| 6:32 | Research | Loom |
| 7:04 | Build | House |
| 7:10 | Research | Feudal Age |
| 7:11 | Research | Feudal Age |
| 7:38 | Create | Militia |
| 7:38 | Create | Militia |
| 7:39 | Create | Militia |
| 7:42 | Build | House |
| 8:19 | Build | Mill |
| 8:43 | Build | House |
| 8:45 | Create | Villager (Male) |
| 9:16 | Build | House |
| 9:19 | Build | House |
| 9:24 | Age | Feudal Age |
| 9:28 | Research | Man-at-Arms (upgrade) |
| 9:31 | Research | Double-Bit Axe |
| 9:45 | Create | Villager (Male) |
| 9:49 | Build | Palisade Wall |
| 10:13 | Create | Villager (Male) |
| 10:20 | Create | Villager (Male) |
| 10:25 | Build | House |
| 10:43 | Create | Villager (Male) |
| 11:01 | Build | Palisade Wall |
| 11:05 | Build | Palisade Wall |
| 11:12 | Build | Blacksmith |
| 11:26 | Create | Villager (Male) |
| 11:34 | Build | House |
| 11:40 | Build | Archery Range |
| 11:44 | Create | Villager (Male) |
| 12:01 | Create | Villager (Male) |
| 12:36 | Build | Farm |
| 12:37 | Build | Farm |
| 12:39 | Build | Farm |
| 12:39 | Build | Farm |
| 12:39 | Build | Farm |
| 12:44 | Create | Villager (Male) |
| 12:51 | Build | House |
| 12:55 | Create | Archer |
| 13:07 | Create | Villager (Male) |
| 13:09 | Create | Archer |
| 13:22 | Build | House |
| 13:26 | Build | Palisade Wall |
| 13:33 | Create | Villager (Male) |
| 13:51 | Create | Archer |
| 13:53 | Create | Villager (Male) |
| 13:57 | Research | Forging |
| 14:00 | Research | Fletching |
| 14:05 | Build | Palisade Gate |
| 14:09 | Create | Villager (Male) |
| 14:11 | Create | Archer |
| 14:12 | Create | Archer |
| 14:24 | Create | Villager (Male) |
| 14:33 | Build | Farm |
| 14:52 | Create | Villager (Male) |
| 15:01 | Build | Farm |
| 15:05 | Build | Farm |
| 15:05 | Build | Farm |
| 15:05 | Build | Farm |
| 15:05 | Build | Farm |
| 15:06 | Build | Farm |
| 15:06 | Build | Farm |
| 15:12 | Create | Archer |
| 15:32 | Create | Spearman |
| 15:43 | Create | Villager (Male) |
| 16:11 | Create | Villager (Male) |
| 16:28 | Create | Villager (Male) |
Match timeline
| 6:25 | Haroldo · first_building Barracks |
| 8:46 | davoAri · first_building Barracks |
| 9:01 | davoAri · wall_segment Palisade Wall x1 |
| 9:01 | davoAri · wall_segment Palisade Wall x1 |
| 9:02 | davoAri · wall_segment Palisade Wall x1 |
| 9:06 | davoAri · wall_segment Palisade Wall x4 |
| 9:13 | davoAri · wall_segment Palisade Wall x7 |
| 9:24 | Haroldo · age_up feudal |
| 9:24 | davoAri · wall_segment Palisade Wall x7 |
| 9:48 | davoAri · wall_segment Palisade Wall x11 |
| 9:49 | Haroldo · wall_segment Palisade Wall x8 |
| 9:52 | davoAri · wall_segment Palisade Wall x3 |
| 10:27 | davoAri · age_up feudal |
| 10:49 | davoAri · wall_segment Palisade Wall x1 |
| 11:01 | Haroldo · wall_segment Palisade Wall x1 |
| 11:05 | Haroldo · wall_segment Palisade Wall x1 |
| 11:07 | davoAri · wall_segment Palisade Wall x3 |
| 11:15 | davoAri · first_building Stable |
| 11:40 | Haroldo · first_building Archery Range |
| 13:26 | Haroldo · wall_segment Palisade Wall x22 |
| 13:58 | davoAri · wall_segment Palisade Wall x4 |
| 15:31 | davoAri · wall_segment Palisade Wall x1 |
| 15:32 | davoAri · wall_segment Palisade Wall x1 |
| 16:36 | davoAri · resign |
[ AI ANALYSIS · 1 CREDIT ]
What really happened in this match?
Wolo.gg analyzes every decision: build order, eco, micro, common mistakes by bracket. Personalized analysis on WhatsApp or Discord in 30 seconds.
Civ guide
Khitans
Map guide
Arabia
Perfil
Jugador #168917